cohdb
Replays
Latest Replays
All Replays
Popular Replays
Top Player Replays
Match Explorer
How It Works
Community
CoH3 Stats
Reddit
Sign in to upload your games and track your stats! →
Sign in with Steam
Match 40434565
Unlisted
Match 40434565
Overview
Messages
Build Orders
End
Construct Barracks
Riflemen Squad
M1 Mortar Team
Selects Armored Battlegroup
Riflemen Squad
Riflemen Squad
Riflemen Squad
Construct Medical Station
Grenade Package
Construct Weapon Support Center
M1919 Machine Gun Team
Mechanized Support Center
M1918 Browning Automatic Rifles
Bazooka Squad
Construct Tank Depot
M4A1 Sherman Medium Tank
Selects Strength in Steel
Selects M8 Scott SPG
Selects UNKNOWN (2160077)
M4A3E8 Sherman Easy Eight
Spoopys
Trackpader
Ghost
LarryRa17
0
0
Comments
sign in to comment!
No comments posted yet!